 Dungeon Crawl Stone Soup version 0.22.0-38-g04b72b8 (webtiles) character file.

327 Greyaxe the Chopper (level 6, -8/52 HPs)
             Began as a Draconian Fighter on Aug 28, 2018.
             Killed by divine providence
             ... invoked by an orc priest
              (14 damage)
             ... on level 4 of the Dungeon.
             The game lasted 00:20:07 (4723 turns).

Greyaxe the Chopper (Draconian Fighter)             Turns: 4723, Time: 00:20:08

Health: -8/52      AC:  9    Str: 20    XL:     6   Next: 24%
Magic:  6/6        EV: 11    Int:  9    God:
Gold:   94         SH:  9    Dex: 10    Spells: 5/5 levels left

rFire    x . .     SeeInvis .   j - +0 broad axe
rCold    + . .     Gourm    .   b - +0 shield
rNeg     . . .     Faith    .   (armour unavailable)
rPois    .         Spirit   .   (helmet restricted)
rElec    .         Reflect  .   v - +2 cloak
rCorr    .         Harm     .   (no gloves)
MR       .....                  (no boots)
Stlth    +.........             (no amulet)
HPRegen  0.17/turn              g - ring of ice
MPRegen  0.10/turn              i - ring of flight

@: lethally poisoned (-8 -> -15)
A: unfitting armour, cold-blooded, AC +6
a: Evoke Flight


You were on level 4 of the Dungeon.
You were not hungry.

You visited 1 branch of the dungeon, and saw 4 of its levels.

You collected 190 gold pieces.
You spent 96 gold pieces at shops.

Inventory:

Hand Weapons
 a - a +0 war axe
 j - a +0 broad axe (weapon)
 p - a +0 blowgun
Missiles
 q - 2 poisoned needles
 x - 4 tomahawks of returning (quivered)
 y - 34 stones
Armour
 b - a +0 shield (worn)
 f - a +0 robe
 m - a +0 cloak
 v - a +2 cloak (worn)
Jewellery
 g - a ring of ice (left hand)
 i - a ring of flight (right hand)
 t - a cursed -3 ring of dexterity
Wands
 u - a wand of digging (6)
 B - a wand of flame (32)
Scrolls
 h - 3 scrolls of teleportation
 k - 6 scrolls of identify
 s - a scroll of remove curse
 A - a scroll of fear {unknown}
Potions
 c - 3 potions of might
 e - a potion of flight
 l - a potion of haste {unknown}
 n - a potion of magic {unknown}
 o - a potion of brilliance {unknown}
 r - 2 potions of ambrosia {unknown}
 w - a potion of agility {unknown}
 z - 2 potions of resistance {unknown}
Comestibles
 d - 7 rations


   Skills:
 + Level 4.2 Fighting
 + Level 4.5 Axes
 + Level 3.5 Dodging
 + Level 1.0 Stealth
 + Level 4.1 Shields
 + Level 0.1 Evocations


You had 5 spell levels left.
You didn't know any spells.
Your spell library was empty.

Dungeon Overview and Level Annotations

Branches:
Dungeon (4/15)
 Temple: D:4-7

Altars:
Xom

Shops:
D:4 *[!*


Innate Abilities, Weirdness & Mutations

Your plain brown scales are hard. (AC +6)
You cannot fit into any form of body armour.
You are cold-blooded and may be slowed by cold attacks.


Message History

You slash the orc wizard!
You kill the orc wizard!
You feel sick.
A scorpion comes into view.
You block the hound's attack.
You slash the hound!
You kill the hound!
Your Stealth skill increases to level 1!
You feel sick.
The orc priest looks braver for a moment.
You closely miss the orc priest.
You feel sick.
The orc priest mumbles some strange prayers to Beogh against you.
Beogh smites you!
* * * LOW HITPOINT WARNING * * *
Your shield prevents you from hitting the orc priest.
* * * LOW HITPOINT WARNING * * *
You feel sick.
The orc priest invokes the aid of Beogh against you.
Beogh smites you!
You die...

# # # ..## ....
##.. #.##
####o..... ###.##
#@oos...... .....
#†##s.......###.##
#.# ............
#.# ..####....
##########.#
.......∩##
...........#
######.##
##########[##
#.### #..# #.#.#
#..# #....


You could see 2 scorpions, an orc priest and 2 orcs.

Vanquished Creatures
  An orc priest (D:3)
  A hound (D:4)
  2 orc wizards
  An iguana (D:4)
  Crazy Yiuf (D:3)
  A worker ant zombie (D:4)
  5 adders
  3 oozes
  3 worms
  3 leopard geckos
  6 orcs
  3 ball pythons
  7 bats
  4 giant cockroaches
  8 goblins
  7 hobgoblins
  4 jackals (D:2)
  9 kobolds
  2 quokkas
  2 frilled lizards
  A jackal skeleton (D:2)
  7 rats
81 creatures vanquished.

Notes
Turn   | Place    | Note
-------+----------+-------------------------------------------
     0 | D:1      | Greyaxe the Draconian Fighter began the quest for the Orb.
     0 | D:1      | Reached XP level 1. HP: 19/19 MP: 1/1
   367 | D:1      | Reached XP level 2. HP: 24/26 MP: 2/2
   483 | D:1      | Found a shimmering altar of Xom.
   945 | D:1      | Reached XP level 3. HP: 31/31 MP: 3/3
  2272 | D:2      | Reached XP level 4. HP: 38/40 MP: 4/4
  3141 | D:3      | Reached XP level 5. HP: 13/46 MP: 5/5
  3638 | D:3      | Found a runed door.
  3642 | D:3      | Noticed Crazy Yiuf
  3646 | D:3      | Killed Crazy Yiuf
  4011 | D:4      | Found Leirph's General Store.
  4020 | D:4      | Bought 4 tomahawks of returning for 52 gold pieces
  4020 | D:4      | Bought 34 stones for 44 gold pieces
  4407 | D:4      | Found Yvvaruj's General Store.
  4544 | D:4      | Found Zyrchawia's Antique Armour Boutique.
  4587 | D:4      | Reached XP level 6. HP: 52/52 MP: 6/6
  4655 | D:4      | Found Faep's Distillery.
  4721 | D:4      | Reached skill level 1 in Stealth
  4723 | D:4      | Killed from afar by an orc priest

Skill      XL: |  1  2  3  4  5  6 |
---------------+-------------------+-----
Dodging        | 3 |  3.5
Axes           | 3 4 |  4.5
Fighting       | 4 |  4.2
Shields        | 4 |  4.1
Stealth        | 1 |  1.0
Evocations     | |  0.1

Action                   |  1- 3 |  4- 6 || total
-------------------------+-------+-------++-------
Melee: War axe           |   123 |    31 ||   154
       Tailslap          |    12 |    20 ||    32
       Broad axe         |       |    98 ||    98
 Abil: Evoke Flight      |       |     1 ||     1
Evoke: Wand              |       |     3 ||     3
  Use: Scroll            |     6 |     4 ||    10
       Potion            |     1 |     1 ||     2
 Stab: Sleeping          |       |     1 ||     1
  Eat: Ration            |     2 |     2 ||     4
Armor: Skin              |    34 |    71 ||   105
Dodge: Dodged            |    67 |    61 ||   128
Block: Shield            |    70 |   100 ||   170
